 Dungeon Crawl Stone Soup version 0.25-a0-424-g80bd347ae0 (webtiles) character file.

Game seed: 10437317478042466736, levelgen mode: deterministic

90 ChaosChampion the Insei (level 4, -4/28 HPs)
             Began as an Octopode Transmuter on Jan 21, 2020.
             Slain by an orc
             ... wielding a +0 trident
              (7 damage)
             ... on level 3 of the Dungeon.
             The game lasted 00:05:05 (2021 turns).

ChaosChampion the Insei (Octopode Transmuter)       Turns: 2021, Time: 00:05:06

Health: -4/28      AC:  1    Str:  9    XL:     4   Next: 56%
Magic:  7/7        EV: 13    Int: 16    God:
Gold:   103        SH:  0    Dex: 12    Spells: 4/7 levels left

rFire    . . .     SeeInvis .     - Unarmed
rCold    . . .     Gourm    .   (no shield)
rNeg     . . .     Faith    .   (helmet restricted)
rPois    .         Spirit   .   (no amulet)
rElec    .         Reflect  .   (no ring)
rCorr    .         Harm     .   (no ring)
MR       .....                  (no ring)
Stlth    +++.......             (no ring)
HPRegen  0.09/turn              (no ring)
MPRegen  0.10/turn              (no ring)
                                (no ring)
                                (no ring)

@: no status effects
A: almost no armour, stealthy swim, amphibious, 8 rings, constrict 8, camouflage
1, gelatinous body 1
a: no special abilities


You were on level 3 of the Dungeon.
You were hungry.

You visited 1 branch of the dungeon, and saw 3 of its levels.

You collected 103 gold pieces.

Inventory:

Hand Weapons
 n - a +1 dagger of speed
Missiles
 a - 8 arrows
Scrolls
 e - a scroll of enchant weapon {unknown}
 j - 2 scrolls of magic mapping {unknown}
 k - 2 scrolls of teleportation {unknown}
 l - a scroll of identify {unknown}
Potions
 b - a potion of ambrosia {unknown}
 d - 2 potions of curing {unknown}
 f - a potion of might {unknown}
 g - a potion of lignification {unknown}
 h - a potion of brilliance {unknown}
 i - a potion of mutation {unknown}
 m - a potion of heal wounds {unknown}
Comestibles
 c - 6 rations


   Skills:
 + Level 1.4 Fighting
 + Level 2.4 Dodging
 * Level 2.4 Stealth
 * Level 3.5 Unarmed Combat
 + Level 2.4 Spellcasting
 * Level 2.7 Transmutations


You had 4 spell levels left.
You knew the following spells:

 Your Spells              Type           Power        Failure   Level  Hunger
a - Beastly Appendage     Tmut           ##....       7%          1    #......
b - Sticks to Snakes      Tmut           ##......     10%         2    ###....

Your spell library contained the following spells:

 Spells                   Type           Power        Failure   Level  Hunger
 Spider Form              Tmut/Pois      #.........   34%         3    ###....
 Ice Form                 Ice/Tmut       #.......     75%         4    #####..
 Blade Hands              Tmut           ##........   88%         5    ######.


Dungeon Overview and Level Annotations

Branches:
Dungeon (3/15)

Altars:


Innate Abilities, Weirdness & Mutations

You cannot wear most types of armour.
You are very stealthy in the water. (Stealth+)
You are amphibious.
You can wear up to eight rings at the same time.
You can use your tentacles to constrict eight enemies at once.
Your skin changes colour to match your surroundings (Stealth+).
Your rubbery body absorbs attacks. (AC +1, EV +1)


Message History

a +0 hand axe; a cursed +0 leather armour You closely miss the orc.
You grab the orc. You squeeze the orc.
The orc is severely wounded.
You constrict the orc. The orc closely misses you.
You tentacle-slap the orc.
You kill the orc!
You tentacle-slap the orc. Your grab misses the orc. You squeeze the orc.
You kill the orc!
You tentacle-slap the ogre. You squeeze the ogre!
The ogre is heavily wounded.
The ogre hits you with a +0 giant club!!
Ouch! That really hurt!
* * * LOW HITPOINT WARNING * * *
An orc comes into view. It is wielding a +0 trident.
The orc shouts!
An orc wizard comes into view. It is wielding a +0 dagger.
An orc comes into view. It is wielding a +0 hand axe.
An orc comes into view. It is wielding a +0 short sword.
The orc hits you from afar with a +0 trident!
You die...

##### #...# #########
#...# #.....oo.
#######...###..o...o.
$[..........O........
.......##.###@.......
.......##.###........
...........##........
......))†..##........
...........##........
...........##........
...........##........
...........##........
...........#


You could see an ogre, an orc wizard (wandering) and 3 orcs.

Vanquished Creatures
  2 adders (D:2)
  An ooze (D:2)
  A worm (D:2)
  2 dart slugs
  5 leopard geckos
  3 orcs (D:3)
  A ball python (D:1)
  6 bats
  3 giant cockroaches
  6 hobgoblins
  3 jackals (D:3)
  2 quokkas (D:2)
  2 frilled lizards
  8 goblins
  6 rats
51 creatures vanquished.

Notes
Turn   | Place    | Note
-------+----------+-------------------------------------------
     0 | D:1      | ChaosChampion the Octopode Transmuter began the quest for
                  | the Orb.
     0 | D:1      | Reached XP level 1. HP: 13/13 MP: 3/3
   230 | D:1      | Reached XP level 2. HP: 16/18 MP: 5/5
   406 | D:1      | Learned a level 2 spell: Sticks to Snakes
   477 | D:1      | Reached skill level 1 in Stealth
   477 | D:1      | Reached XP level 3. HP: 7/23 MP: 6/6
  1649 | D:2      | Reached XP level 4. HP: 25/28 MP: 7/7
  2007 | D:3      | Noticed an ogre
  2021 | D:3      | Slain by an orc

Levels and vault maps discovered:
D:1:      lightli_arrival_quake, layout_loops_ring, minmay_pentomino_x4
D:2:      layout_loops_ring
D:3:      layout_basic, tso_oasis_becter, chequers_ecumenical_altar_simple,
          first_ration, gammafunk_ghost_arena

Skill      XL: |  1  2  3 |
---------------+----------+-----
Stealth        | 1 2 |  2.4
Fighting       | |  1.4
Dodging        | |  2.4
Unarmed Combat | |  3.5
Spellcasting   | |  2.4
Transmutations | |  2.7

Action                   |  1- 3 |  4- 6 || total
-------------------------+-------+-------++-------
Melee: Unarmed           |    92 |    32 ||   124
       Constrict         |    25 |     9 ||    34
       Tentacles         |    17 |     9 ||    26
       Kick              |     1 |       ||     1
       Punch             |       |     1 ||     1
 Cast: Beastly Appendage |     3 |     2 ||     5
       Sticks to Snakes  |     1 |     3 ||     4
 Stab: Sleeping          |     7 |     2 ||     9
  Eat: Chunk             |     2 |     1 ||     3
Armor: Skin              |     2 |     2 ||     4
Dodge: Dodged            |    58 |    14 ||    72

Table legend:
 A = Non-vault XP
 B = Vault XP
 C = Vault XP percentage of total XP
 D = Non-vault monster count
 E = Vault monster count
 F = Vault count percentage of total count
                 A         B        C        D         E       F
            +---------+---------+-------+---------+---------+-------
      Total |     119 |      10 |   7.8 |      47 |       4 |   7.8
            +---------+---------+-------+---------+---------+-------
        D:1 |      26 |      10 |  27.8 |      15 |       4 |  21.1
        D:2 |      78 |       0 |   0.0 |      26 |       0 |   0.0
        D:3 |      15 |       0 |   0.0 |       6 |       0 |   0.0
            +---------+---------+-------+---------+---------+-------
